Map: Invader LE

Players

capac - Winner!

  • Race: Terran Terran
  • League: Gold

Muyc

  • Race: Zerg Zerg
  • League: Gold

VOD

Have the link to the VOD?

Description

Time

  • Played on: May 3, 2016, 11:35 a.m.
  • Length: 11:21
Show
View Real Time Build Order
Export as new Build Order

capac Terran - Winner!

Build Orders: Reaper Expand 

Get SALT Encoding   

  12  0:00  SCV  
  13  0:12  SCV  
  14  0:18  Supply Depot  
  14  0:25  SCV  
  15  0:40  SCV  
  15  0:41  Barracks  
  16  0:46  Refinery  
  16  0:52  SCV  
  17  1:04  SCV  
  18  1:16  SCV  
  19  1:29  Orbital Command  
  19  1:30  Reaper  
  20  1:41  Command Center  
  20  1:49  Supply Depot  
  20  1:55  SCV  
  21  2:02  Marine  
  21  2:07  SCV  
  23  2:15  Factory  
  23  2:19  Barracks  
  23  2:20  SCV  
  24  2:26  Refinery  
  24  2:30  Barracks Reactor  
  23  2:42  SCV  
  24  2:59  Bunker  
  24  3:00  Orbital Command  
  24  3:04  Factory Tech Lab  
  24  3:13  Starport  
  24  3:14  Marine x2  
  24  3:15  Barracks Tech Lab  
  26  3:22  Marine  
  27  3:29  SCV x2  
  29  3:35  Siege Tank  
  29  3:39  Marine x2  
  34  3:46  Supply Depot  
  34  3:47  SCV x2  
  36  3:51  Marine  
  36  3:53  Medivac  
  39  3:59  SCV x2  
  41  4:05  Marine x2  
  30  4:44  Marine x2  
  32  4:55  Siege Tank  
  32  4:56  Marine  
  36  5:07  Bunker  
  36  5:08  Barracks  
  36  5:28  Marine x2  
  35  5:35  Siege Tank  
  41  5:46  Barracks Tech Lab, Marine x2  
  42  5:50  Orbital Command  
  42  5:55  Medivac  
  44  6:02  Engineering Bay  
  44  6:06  SCV  
  45  6:14  Marine x2  
  45  6:18  SCV  
  48  6:38  SCV x2  
  50  6:50  SCV x2  
  52  6:57  Stimpack  
  52  6:59  Starport Reactor  
  52  7:02  Bunker, SCV x2  
  52  7:03  Supply Depot  
  54  7:11  Missile Turret  
  54  7:14  Missile Turret  
  54  7:22  Missile Turret  
  53  7:32  Liberator  
  52  7:38  SCV  
  52  7:39  SCV  
  54  7:46  Marine x3  
  54  7:51  Supply Depot, SCV x2  
  62  7:55  Liberator  
  62  8:09  Barracks Reactor  
  62  8:12  Marine x3, SCV x2  
  70  8:23  Refinery  
  70  8:24  Supply Depot  
  70  8:25  Starport  
  70  8:27  Siege Tank, SCV x2  
  70  8:30  Supply Depot  
  75  8:35  Missile Turret  
  75  8:36  Marine x3  
  78  8:45  Liberator x2  
  78  8:46  Marine x2, SCV x2  
  82  8:49  Terran Infantry Weapons Level 1  
  82  8:56  Supply Depot  
  82  8:59  Supply Depot  
  88  9:03  Starport Reactor  
  88  9:05  Marine  
  88  9:06  Marine x2  
  91  9:14  Barracks  
  91  9:23  Refinery  
  88  9:45  Medivac x2  
  92  9:50  Liberator x2  
  92  9:51  SCV x2  
  92  9:52  Marine x4  
  97  9:53  Marine  
  97  9:57  Supply Depot  
  105  10:30  Marine x2  
  105  10:31  Marine x3  
  105  10:32  SCV x2  
  112  10:38  Command Center  
  112  10:44  Supply Depot  
  112  10:48  Marine x3  
Show
View Real Time Build Order
Export as new Build Order

Muyc Zerg 

Build Orders: Pool First 

Get SALT Encoding   

  12  0:10  Drone  
  13  0:14  Overlord  
  13  0:23  Drone  
  14  0:33  Drone x2  
  16  0:42  Drone  
  17  0:45  Extractor  
  16  0:51  Spawning Pool  
  16  0:53  Drone  
  16  1:03  Drone  
  17  1:14  Drone  
  18  1:25  Hatchery  
  17  1:37  Queen  
  17  1:39  Zergling x2  
  20  1:42  Zergling x2  
  21  1:50  Metabolic Boost  
  21  2:06  Roach Warren  
  20  2:11  Overlord  
  20  2:21  Overlord  
  20  2:52  Roach  
  20  2:53  Roach x4  
  20  2:56  Roach  
  32  3:00  Roach  
  34  3:06  Roach  
  34  3:10  Zergling x2  
  37  3:29  Zergling x4  
  37  3:30  Zergling x6  
  42  3:37  Overlord  
  43  4:10  Zergling x12  
  39  4:48  Lair  
  39  4:51  Extractor  
  38  4:54  Pneumatized Carapace  
  38  4:57  Drone x3  
  41  5:15  Overlord  
  41  5:38  Drone x3  
  41  5:39  Drone x2  
  41  5:40  Drone x2  
  41  5:41  Drone  
  49  5:45  Extractor  
  49  5:49  Spire  
  47  5:58  Drone  
  48  7:03  Mutalisk  
  48  7:05  Overlord x4  
  48  7:07  Drone  
  51  7:29  Hatchery  
  29  7:38  Mutalisk  
  29  7:39  Mutalisk x4  
  39  7:48  Drone x3  
  39  7:49  Drone x5  
  47  7:55  Extractor  
  44  8:26  Mutalisk  
  44  8:27  Mutalisk x3  
  52  8:42  Drone x5  
  57  8:55  Overseer  
  57  8:56  Overseer  
  57  9:07  Mutalisk  
  57  9:08  Mutalisk x2  
  63  9:13  Zerg Flyer Weapons Level 1  
  53  9:40  Mutalisk x3  
  53  9:41  Zergling x2  
  53  9:42  Zergling x2  
  53  9:43  Roach  
  59  9:51  Mutalisk  
  61  9:52  Queen  
  61  9:55  Queen  
  65  10:01  Glial Reconstitution  
  65  10:08  Roach x3  
  71  10:22  Mutalisk  
  71  10:24  Roach  
  71  10:25  Roach x2  
  71  10:26  Roach  
  81  10:30  Drone  
  82  10:36  Drone x7  
  89  10:44  Evolution Chamber  
Tags
 
Add a new tag
Caveats
  • Supply blocks, unpowered buildings, or Contaminate may cause inaccurate times.
  • Supply counts are checked every 10 seconds.